 Dungeon Crawl Stone Soup version 0.27-a0-705-ga0013940fb (webtiles) character file.

Game seed: 12536033164725441835

933 Maken the Skirmisher (level 8, 0/67 HPs)
             Began as a Gnoll Wanderer on Mar 22, 2021.
             Was an Initiate of the Shining One.
             Slain by an orc priest
             ... wielding a +0 dagger
              (5 damage)
             ... on level 4 of the Dungeon.
             The game lasted 00:19:07 (5328 turns).

Maken the Skirmisher (Gnoll Wanderer)               Turns: 5328, Time: 00:19:07

Health: 0/67       AC:  7    Str: 13    XL:     8   Next: 11%
Magic:  12/12      EV: 12    Int: 15    God:    the Shining One [......]
Gold:   88         SH:  0    Dex:  9    Spells: 13/13 levels left

rFire    . . .     SeeInvis .   l - +4 short sword
rCold    . . .     Faith    .   (no shield)
rNeg     . . .     Spirit   .   i - +0 troll leather armour {Purgy}
rPois    .         Reflect  .   s - +0 helmet
rElec    .         Harm     .   f - +0 cloak
rCorr    .         Rampage  .   j - +0 pair of gloves
Will     .....                  (no boots)
Stlth    +.........             (no amulet)
HPRegen  1.21/turn              (no ring)
MPRegen  0.13/turn              (no ring)

@: glowing
A: fangs 1, strong nose, distributed training
a: Renounce Religion


You were on level 4 of the Dungeon.
You worshipped the Shining One.
The Shining One was noncommittal.
You visited 1 branch of the dungeon, and saw 4 of its levels.

You collected 100 gold pieces.
You spent 12 gold pieces at shops.

Inventory:

Hand Weapons
 a - a +2 spear
 b - a +0 hand crossbow
 l - a +4 short sword (weapon)
 p - a +0 dagger of speed
 q - a +0 whip of flaming
 r - a +2 dagger of protection
Missiles
 c - 48 bolts
Armour
 e - a +0 robe
 f - a +0 cloak (worn)
 i - a +0 troll leather armour (worn) {Purgy}
 j - a +0 pair of gloves (worn)
 n - a +0 ring mail
 s - a +0 helmet (worn)
Jewellery
 o - a ring of willpower
Scrolls
 d - 5 scrolls of teleportation
 g - a scroll of magic mapping {unknown}
 h - a scroll of identify {unknown}
 k - 2 scrolls of fear {unknown}
 m - 2 scrolls of enchant armour {unknown}
 t - a scroll of random uselessness {unknown}
 v - a scroll of enchant weapon {unknown}


   Skills:
 + Level 7.2 Fighting
 + Level 3.0 Short Blades
 + Level 3.0 Long Blades
 + Level 3.0 Axes
 + Level 3.0 Maces & Flails
 + Level 5.5 Polearms
 + Level 3.0 Staves
 + Level 3.0 Slings
 + Level 5.5 Bows
 + Level 3.0 Crossbows
 + Level 4.0 Throwing
 + Level 3.0 Armour
 + Level 4.0 Dodging
 + Level 3.8 Stealth
 + Level 3.0 Shields
 + Level 3.0 Unarmed Combat
 + Level 3.0 Spellcasting
 + Level 2.4 Conjurations
 + Level 2.4 Hexes
 + Level 2.4 Summonings
 + Level 2.4 Necromancy
 + Level 2.4 Translocations
 + Level 2.4 Transmutations
 + Level 2.4 Fire Magic
 + Level 2.4 Ice Magic
 + Level 2.4 Air Magic
 + Level 2.4 Earth Magic
 + Level 2.4 Poison Magic
 + Level 3.2 Invocations
 + Level 3.0 Evocations


You had 13 spell levels left.
You didn't know any spells.
Your spell library contained the following spells:

 Spells                   Type           Power      Damage    Failure   Level
 Confusing Touch          Hex            9%         N/A       28%         3
 Gell's Gravitas          Tloc           4%         N/A       28%         3
 Petrify                  Tmut/Erth      9%         N/A       67%         4
 Metabolic Englaciation   Hex/Ice        4%         N/A       95%         5
 Yara's Violent Unravell  Hex/Tmut       4%         3d4       95%         5


Dungeon Overview and Level Annotations

Branches:
Dungeon (4/15)
 Temple: D:4-7

Altars:
The Shining One

Shops:
D:1 !   D:4 (

Annotations:
D:2 1 runed translucent door, Crazy Yiuf


Innate Abilities, Weirdness & Mutations

You have very sharp teeth.
Your uncanny sense of smell can sniff out nearby items.
Your experience applies equally to all skills.


Message History

Unknown command.
You hit the orc priest but do no damage.
The orc priest is almost dead.
The orc priest mumbles some strange prayers to Beogh against you.
Pain shoots through your body!
* * * LOW HITPOINT WARNING * * *
The orc priest closely misses you. The orc wizard misses you.
You hit the orc priest but do no damage.
The orc priest is almost dead.
The orc priest misses you. The orc barely misses you.
The orc wizard hits you with a +0 dagger.
* * * LOW HITPOINT WARNING * * *
You hit the orc priest but do no damage.
The orc priest is almost dead.
The orc priest barely misses you. The orc hits you with a +0 dagger.
* * * LOW HITPOINT WARNING * * *
The orc priest barely misses you. The orc wizard closely misses you.
You hit the orc priest but do no damage.
The orc priest is almost dead.
The orc priest calls upon Beogh to heal the orc wizard.
The orc wizard's wounds heal themselves!
The orc hits you with a +0 dagger.
* * * LOW HITPOINT WARNING * * *
The orc wizard barely misses you.
You hit the orc priest but do no damage.
The orc priest is almost dead.
The orc priest misses you. The orc barely misses you.
The orc priest invokes the aid of Beogh against you.
You struggle to resist.
An orc comes into view. It is wielding a +0 hand axe.
The orc wizard hits you with a +0 dagger.
* * * LOW HITPOINT WARNING * * *
You hit the orc priest but do no damage.
The orc priest is almost dead.
The orc priest closely misses you. The orc misses you.
The orc wizard barely misses you.
You completely miss the orc priest.
The orc priest is almost dead.
The orc priest hits you with a +0 dagger.
You die...

######## ........
..#### ##♣ #..#
♣.∩ ##.## #. #o♣
##†.# #.# ####.#
..#.### #.# #..oo#
......###.# #..o@#
........#.#
#....#∆
........#.# #....#
........#.######.#
......###..)...))#
......# #.########
####.## #.# #.##
#.# #..# #.#


You could see an orc priest (fast), an orc wizard (invisible) and 2 orcs.

Vanquished Creatures
  Purgy (D:4)
  2 ogres (D:4)
  A wyvern zombie (D:4)
  2 hounds (D:4)
  A centaur skeleton (D:4)
  An orc priest (D:4)
  A bullfrog skeleton (D:4)
  7 orc wizards
  A worker ant (D:4)
  Robin (D:2)
  4 adders
  A shadow imp (D:2)
  6 oozes
  An adder skeleton (D:4)
  2 worms
  2 dart slugs
  29 orcs
  A removed leopard gecko (D:1)
  9 bats
  5 giant cockroaches
  19 goblins
  19 hobgoblins
  7 jackals
  4 quokkas
  3 ball pythons
  9 frilled lizards
  15 kobolds
  9 rats
163 creatures vanquished.

Notes
Turn   | Place    | Note
-------+----------+-------------------------------------------
     0 | D:1      | Maken the Gnoll Wanderer began the quest for the Orb.
     0 | D:1      | Maken set off with the following items: a +2 spear, a +0
                  | hand crossbow, 26 bolts, a scroll of teleportation, a +0
                  | robe
     0 | D:1      | Reached XP level 1. HP: 23/23 MP: 1/1
    52 | D:1      | Reached XP level 2. HP: 24/29 MP: 2/2
   196 | D:1      | Found Carust's Distillery.
   212 | D:1      | Reached XP level 3. HP: 28/35 MP: 3/3
   739 | D:2      | Reached skill level 1 in Invocations
   797 | D:1      | Bought a potion of degeneration for 12 gold pieces
  1077 | D:2      | Reached skill level 1 in Short Blades
  1077 | D:2      | Reached skill level 1 in Long Blades
  1077 | D:2      | Reached skill level 1 in Axes
  1077 | D:2      | Reached skill level 1 in Maces & Flails
  1077 | D:2      | Reached skill level 1 in Staves
  1077 | D:2      | Reached skill level 1 in Slings
  1077 | D:2      | Reached skill level 1 in Crossbows
  1077 | D:2      | Reached skill level 1 in Armour
  1077 | D:2      | Reached skill level 1 in Shields
  1077 | D:2      | Reached skill level 1 in Unarmed Combat
  1077 | D:2      | Reached skill level 1 in Spellcasting
  1077 | D:2      | Reached skill level 1 in Evocations
  1092 | D:2      | Reached XP level 4. HP: 41/41 MP: 5/5
  1225 | D:2      | Found a runed translucent door.
  1226 | D:2      | Noticed Crazy Yiuf
  1482 | D:2      | Noticed Robin
  1740 | D:2      | Reached skill level 1 in Conjurations
  1740 | D:2      | Reached skill level 1 in Hexes
  1740 | D:2      | Reached skill level 1 in Summonings
  1740 | D:2      | Reached skill level 1 in Necromancy
  1740 | D:2      | Reached skill level 1 in Translocations
  1740 | D:2      | Reached skill level 1 in Transmutations
  1740 | D:2      | Reached skill level 1 in Fire Magic
  1740 | D:2      | Reached skill level 1 in Ice Magic
  1740 | D:2      | Reached skill level 1 in Air Magic
  1740 | D:2      | Reached skill level 1 in Earth Magic
  1740 | D:2      | Reached skill level 1 in Poison Magic
  2097 | D:2      | Reached XP level 5. HP: 35/47 MP: 6/6
  2112 | D:2      | Killed Robin
  2992 | D:3      | Reached XP level 6. HP: 47/53 MP: 8/8
  3394 | D:3      | Upgraded the game from 0.27-a0-695-gb4952372f7 to
                  | 0.27-a0-705-ga0013940fb
  3445 | D:3      | Reached skill level 5 in Polearms
  3445 | D:3      | Reached skill level 5 in Bows
  3695 | D:3      | Found a glowing golden altar of the Shining One.
  3710 | D:3      | Became a worshipper of the Shining One
  4433 | D:4      | Noticed Purgy
  4477 | D:4      | Killed Purgy
  4478 | D:4      | Reached XP level 7. HP: 38/59 MP: 10/10
  4707 | D:4      | Reached skill level 7 in Fighting
  5226 | D:4      | Reached XP level 8. HP: 46/67 MP: 12/12
  5272 | D:4      | Found Ubuaxik's Weapon Boutique.
  5272 | D:4      | Identified the +1 leather armour "Hyweonn" {Will+ Dex+2}
  5325 | D:4      | HP: 3/67 [orc/+0 dagger (4)]
  5328 | D:4      | Slain by an orc priest

Illustrated notes

Levels and vault maps discovered:
D:1:      shiori_arrival_oz, layout_loops_cross, serial_shops, shop
D:2:      cheibrodos_greedy_goblins, layout_loops_ring, minmay_pentomino_x2,
          uniq_robin, uniq_crazy_yiuf_cottage
D:3:      layout_rooms, lemuel_doored_altar
D:4:      layout_basic, serial_shops, nicolae_shop_trees, uniq_purgy

Skill      XL: |  1  2  3  4  5  6  7  8 |
---------------+-------------------------+-----
Invocations    | 1 2 3 |  3.2
Short Blades   | 1 2 3 |  3.0
Long Blades    | 1 2 3 |  3.0
Axes           | 1 2 3 |  3.0
Maces & Flails | 1 2 3 |  3.0
Staves         | 1 2 3 |  3.0
Slings         | 1 2 3 |  3.0
Crossbows      | 1 2 3 |  3.0
Armour         | 1 2 3 |  3.0
Shields        | 1 2 3 |  3.0
Unarmed Combat | 1 2 3 |  3.0
Spellcasting   | 1 2 3 |  3.0
Evocations     | 1 2 3 |  3.0
Conjurations   | 1 2 |  2.4
Hexes          | 1 2 |  2.4
Summonings     | 1 2 |  2.4
Necromancy     | 1 2 |  2.4
Translocations | 1 2 |  2.4
Transmutations | 1 2 |  2.4
Fire Magic     | 1 2 |  2.4
Ice Magic      | 1 2 |  2.4
Air Magic      | 1 2 |  2.4
Earth Magic    | 1 2 |  2.4
Poison Magic   | 1 2 |  2.4
Throwing       | 3 4 |  4.0
Dodging        | 3 4 |  4.0
Stealth        | 3 |  3.8
Polearms       | 5 |  5.5
Bows           | 5 |  5.5
Fighting       | 7 |  7.2

Action                   |  1- 3 |  4- 6 |  7- 9 || total
-------------------------+-------+-------+-------++-------
Melee: Spear             |    89 |   247 |       ||   336
       Bite              |       |    28 |    21 ||    49
       Dagger            |       |   296 |   205 ||   501
       Short sword       |       |       |    62 ||    62
       Punch             |       |       |     5 ||     5
 Fire: Hand crossbow     |       |     8 |       ||     8
  Use: Potion            |       |     5 |       ||     5
 Stab: Sleeping          |     9 |     1 |       ||    10
Armor: Robe              |     9 |     1 |       ||    10
       Ring mail         |       |   189 |       ||   189
       Troll leather arm |       |       |    79 ||    79
Dodge: Dodged            |    36 |   171 |   129 ||   336

Table legend: (Time is in decaauts)
 A = Elapsed time spent in this place.
 B = Non-inter-level travel time spent in this place.
 C = Inter-level travel time spent in this place.
 D = Time resting spent in this place.
 E = Time spent auto-exploring this place.
 F = Levels seen in this place.
 G = Mean time per level.
                   A        B        C        D        E       F      G
               +--------+--------+--------+--------+--------+-----+--------+
         Total |   5150 |   4864 |    286 |    787 |   2749 |   4 | 1287.5 |
       Dungeon |   5150 |   4864 |    286 |    787 |   2749 |   4 | 1287.5 |
               +--------+--------+--------+--------+--------+-----+--------+

Top non-repeatable levels by time:
     D:2: 1639 daAuts
     D:4: 1223 daAuts
     D:1: 1155 daAuts
     D:3: 1132 daAuts
